 Dungeon Crawl Stone Soup version 0.31-a0-983-g7b6862f502 (webtiles) character file.

Game seed: 18001034885214656915

51 IdlyInterested the Slasher (level 3, -3/27 HPs)
             Began as a Demonspawn Gladiator on Nov 2, 2023.
             Killed by nerve-wracking pain
             ... invoked by Grinder
              (7 damage)
             ... on level 3 of the Dungeon.
             The game lasted 00:04:05 (1388 turns).

IdlyInterested the Slasher (Demonspawn Gladiator)   Turns: 1388, Time: 00:04:06

Health: -3/27      AC:  7    Str: 14    XL:     3   Next: 58%
Magic:  3/3        EV: 10    Int:  9    God:
Gold:   56         SH:  0    Dex: 16    Spells: 2/2 levels left

rFire   . . .        a - +0 long sword
rCold   . . .        (no shield)
rNeg    . . .        f - +0 scale mail
rPois   .            c - +0 helmet
rElec   .            (no cloak)
rCorr   .            (no gloves)
SInv    .            (no boots)
Will    .....        (no amulet) Stlth
                     (no ring)
HPRegen 0.24/turn    (no ring)
MPRegen 0.08/turn

%: no passive effects
@: no status effects
A: spiny 1
a: no special abilities


You were on level 3 of the Dungeon.
You visited 1 branch of the dungeon, and saw 3 of its levels.

You collected 56 gold pieces.

Inventory:

Hand Weapons
 a - a +0 long sword (weapon)
 b - a +0 short sword
Missiles
 d - 3 throwing nets
 e - a javelin
 g - 21 stones (quivered)
Armour
 c - a +0 helmet (worn)
 f - a +0 scale mail (worn)
Talismans
 o - a talisman of death
Scrolls
 j - a scroll of immolation {unknown}
 k - 5 scrolls of identify {unknown}
 l - a scroll of teleportation {unknown}
 m - a scroll of vulnerability {unknown}
Potions
 h - 2 potions of degeneration {unknown}
 i - 4 potions of curing {unknown}
 n - a potion of magic {unknown}


   Skills:
 - Level 2.0 Fighting
 * Level 3.8 Long Blades
 - Level 1.7 Throwing
 - Level 3.0 Dodging
 - Level 1.0 Evocations
 + Level 0.2 Shapeshifting


You had 2 spell levels left.
You didn't know any spells.
Your spell library contained the following spells:

 Spells                   Type           Power      Damage    Failure   Level
 Apportation              Tloc           0%         N/A       88%         1
 Necrotise                Necr           0%         1d4       88%         1
 Summon Small Mammal      Summ           0%         N/A       88%         1
 Blink                    Tloc           0%         N/A       95%         2
 Manifold Assault         Tloc           0%         N/A       100%        4
 Iskenderun's Battlesphe  Conj           0%         2d6       100%        5
 Bombard                  Conj/Erth      0%         9d1       100%        6
 Spellforged Servitor     Conj/Summ      0%         N/A       100%        7


Dungeon Overview and Level Annotations

Branches:
Dungeon (3/15)

Altars:
Uskayaw

Shops:
D:3 :

Annotations:
D:3 Grinder


Innate Abilities, Weirdness & Mutations

You are partially covered in sharp spines.


Message History

Done exploring.
Done exploring.
There is an escape hatch in the floor here.
You slide downwards.
The hatch slams shut behind you.
Found Qyzxig's Vocational Training.
Found a stone staircase leading up.
There is an entrance to Qyzxig's Vocational Training here.
You can access your shopping list by pressing '$'.
There is a stone staircase leading up here.
Grinder comes into view.
Found a stone staircase leading down.
Grinder shouts!
Grinder grins, showing sharp teeth.
Grinder says, "There's only one good use for a tongue: cutting it out."
Grinder hits you!
You slash Grinder!
Grinder is moderately wounded.
Grinder is struck by your spines. Grinder hits you.
You writhe in agony.
You slash Grinder!
Grinder is heavily wounded.
Grinder barely misses you.
You hit Grinder.
Grinder is heavily wounded.
Grinder hits you but does no damage.
You closely miss Grinder.
Grinder is heavily wounded.
Grinder is struck by your spines. Grinder hits you but does no damage.
You hit Grinder but do no damage.
Grinder is heavily wounded.
Grinder gestures at you. Pain shoots through your body!
* * * LOW HITPOINT WARNING * * *
Grinder is struck by your spines. Grinder hits you but does no damage.
Unknown command.
You hit Grinder.
Grinder is heavily wounded.
Grinder gestures at you. Pain shoots through your body!
You die...
Grinder says, "Now the real fun starts!"

.. #.# .. .. .#
.#
##########.#.#
#.<......@..#
#.########5##
########.### ...
...........###.
.....
................
...>..#
.......#.#.###..
......#
...⌠.⌠.#.#.#
...#.##
.......#.#.#
...#.#
....∩..#.# #


You could see Grinder.

Vanquished Creatures
  An adder (D:2)
  A worm (D:2)
  2 dart slugs
  2 ball pythons
  4 bats
  4 endoplasms
  3 goblins (D:2)
  4 hobgoblins
  2 jackals (D:1)
  A quokka (D:2)
  3 frilled lizards (D:2)
  3 kobolds
  5 rats (D:1)
35 creatures vanquished.

Notes
Turn   | Place    | Note
-------+----------+-------------------------------------------
     0 | D:1      | IdlyInterested the Demonspawn Gladiator began the quest for
                  | the Orb.
     0 | D:1      | Reached XP level 1. HP: 16/16 MP: 1/1
   511 | D:1      | Gained mutation: You are partially covered in sharp spines.
                  | [demonic ancestry]
   511 | D:1      | Reached XP level 2. HP: 22/22 MP: 2/2
   929 | D:2      | Reached XP level 3. HP: 27/27 MP: 3/3
  1063 | D:2      | Reached skill level 1 in Evocations
  1179 | D:2      | Found a hide-covered altar of Uskayaw.
  1362 | D:3      | Found Qyzxig's Vocational Training.
  1381 | D:3      | Noticed Grinder
  1388 | D:3      | Killed from afar by Grinder

Illustrated notes

Levels and vault maps discovered:
D:1:      spicycebolla_arrival_clurvy, layout_basic, minmay_crystal_room
D:2:      layout_rooms, basic_altar, grunt_ministairs_8
D:3:      due_chaos_kobolds, layout_loops_ring, amethyst_killhole,
          minmay_misc_feat_diagonals, grunt_ministairs_14,
          minmay_misc_feat_doors, minivault_23, nicolae_shop_vocational,
          uniq_grinder, uniq_sigmund

Skill      XL: |  1  2  3 |
---------------+----------+-----
Long Blades    | 3 |  3.8
Dodging        | 3 |  3.0
Evocations     | 1 |  1.0
Fighting       | |  2.0
Throwing       | |  1.7
Shapeshifting  | |  0.2

Action                     || total
---------------------------++-------
  Melee: Long sword        ||    79
 Armour: Scale mail        ||    48
         Leather armour    ||     5
  Dodge: Dodged            ||    41

Table legend: (Time is in decaauts)
 A = Elapsed time spent in this place.
 B = Non-inter-level travel time spent in this place.
 C = Inter-level travel time spent in this place.
 D = Time resting spent in this place.
 E = Time spent auto-exploring this place.
 F = Levels seen in this place.
 G = Mean time per level.
                   A        B        C        D        E       F      G
               +--------+--------+--------+--------+--------+-----+--------+
         Total |   1406 |   1352 |     54 |    100 |    912 |   3 |  468.7 |
       Dungeon |   1406 |   1352 |     54 |    100 |    912 |   3 |  468.7 |
               +--------+--------+--------+--------+--------+-----+--------+

Top non-repeatable levels by time:
     D:1: 910 daAuts
     D:2: 469 daAuts
     D:3: 26 daAuts
